 Dungeon Crawl Stone Soup version 0.18.1-8-gdd0e5ea (webtiles) character file.

18 zeroDi the Sneak (level 2, -3/15 HPs)
             Began as a Vine Stalker Assassin on May 21, 2016.
             Killed by nerve-wracking pain
             ... invoked by a shadow imp
             ... summoned by Natasha
              (8 damage)
             ... on level 2 of the Dungeon.
             The game lasted 00:01:14 (621 turns).

zeroDi the Sneak (Vine Stalker Assassin)             Turns: 621, Time: 00:01:15

Health: -3/15      AC:  3    Str: 13    XL:     2   Next: 66%
Magic:  0/3        EV: 11    Int: 11    God:
Gold:   51         SH:  0    Dex: 15    Spells: 0 memorised, 1 level left

rFire  . . .     SeeInvis .     a - +2 dagger
rCold  . . .     Gourm    .     c - +0 robe
rNeg   . . .     Faith    .     (no shield)
rPois  .         Spirit   +     (no helmet)
rElec  .         Dismiss  .     d - +0 cloak
rCorr  .         Reflect  .     (no gloves)
SustAt .         Harm     .     (no boots)
MR     .....                    (no amulet)
Stlth  +++.......               (no ring)
                                (no ring)

@: not resistant to hostile enchantments, fairly stealthy
A: fangs 2, regeneration 1, magic shield, antimagic bite, no device heal 3, rot
immunity
a: no special abilities


You were on level 2 of the Dungeon.
You were not hungry.

You visited 1 branch of the dungeon, and saw 2 of its levels.

You collected 51 gold pieces.


Innate Abilities, Weirdness & Mutations

You have extremely sharp teeth.
Your natural rate of healing is unusually fast.
When hurt, damage is shared between your health and your magic reserves.
Your bite disrupts and absorbs the magic of your enemies.
Potions and wands cannot restore your health.
You are immune to rotting.


   Skills:
 - Level 1.7 Fighting
 + Level 2.8 Short Blades
 - Level 1.7 Throwing
 - Level 0.7 Dodging
 - Level 4.8 Stealth


You had one spell level left.
You didn't know any spells.

Inventory:

Hand Weapons
 a - a +2 dagger (weapon)
 b - a +0 blowgun
Missiles
 e - 8 poisoned needles
 f - 2 curare-tipped needles {=f}
 j - 3 needles of confusion
 n - a throwing net (quivered) {=f}
Armour
 c - a +0 robe (worn)
 d - a +0 cloak (worn)
Jewellery
 q - an uncursed amulet of dismissal {unknown}
Scrolls
 h - a scroll of remove curse {unknown}
 l - 2 scrolls of identify {unknown}
Potions
 i - a potion of cancellation {unknown}
 o - a potion of mutation {unknown}
 p - a potion of heal wounds {unknown}
Comestibles
 g - 2 bread rations
 k - 2 beef jerkies
 m - a meat ration

Dungeon Overview and Level Annotations

Branches:
Dungeon (2/15)

Altars:

Annotations:
D:2 Natasha

## ..(#...
######..........
.......#........
.................
[.....†#.....5....
..........h.......
.#....ggg5.#!.....
...####...?.......
. #...@...#....
#............
#....#.....####
.....##..<..#
....# #####.# ....
#....# ... .....#
.. ###...# ...#


You could see Natasha, a white imp, a shadow imp and 3 hobgoblins.


Message History

The hobgoblin shouts! x2; You hear an angry hiss.
The hobgoblin closely misses you. x2
Found 7 gold pieces.
You barely miss the hobgoblin. You hit the hobgoblin.
You kill the hobgoblin!
Natasha mumbles some strange words.
The hobgoblin hits you with a club. x2
The hobgoblin hits you with a club.
You hit the hobgoblin but do no damage. You bite the hobgoblin.
You drain its power.
You feel invigorated.
The hobgoblin is lightly wounded.
Natasha mumbles some strange words.
The hobgoblin barely misses you. The hobgoblin hits you.
* * * LOW HITPOINT WARNING * * *
The hobgoblin misses you. The shadow imp gestures at you.
Pain shoots through your body!
Ouch! That really hurt!
You die...

Action                   || total
-------------------------++-------
Melee: Dagger            ||    51
       Bite              ||    14
Throw: Throwing net      ||     1
 Stab: Sleeping          ||     3
Armor: Robe              ||    19
Dodge: Dodged            ||    35

Vault maps used:
D:1:      ncdulo_watergridlock
D:2:      okawaru_trees_2, nicolae_qazlal_style_of_elements, uniq_natasha

Notes
Turn   | Place    | Note
--------------------------------------------------------------
     0 | D:1      | zeroDi the Vine Stalker Assassin began the quest for the Orb.
     0 | D:1      | Reached XP level 1. HP: 11/11 MP: 2/2
    40 | D:1      | Reached skill level 2 in Short Blades
   120 | D:1      | Reached XP level 2. HP: 15/15 MP: 3/3
   614 | D:2      | Noticed Natasha
   621 | D:2      | Killed from afar by a shadow imp

Vanquished Creatures
  A dart slug (D:1)
  2 giant cockroaches (D:1)
  3 hobgoblins
  6 bats (D:1)
  3 kobolds (D:1)
  A rat (D:1)
16 creatures vanquished.
